 Dungeon Crawl Stone Soup version 0.26.1-11-gd32895ea62 (webtiles) character file.

Game seed: 344819470871858072

25384 Almogavar the Carver (level 12, -3/110 HPs)
             Began as a Minotaur Berserker on May 8, 2021.
             Was a High Priest of Trog.
             Slain by a salamander
             ... wielding a +0 halberd
              (12 damage)
             ... in a volcano.
             The game lasted 00:49:48 (17467 turns).

Almogavar the Carver (Minotaur Berserker)          Turns: 17467, Time: 00:49:50

Health: -3/110     AC: 17    Str: 25    XL:     12   Next: 89%
Magic:  11/11      EV: 16    Int:  4    God:    Trog [*****.]
Gold:   2352       SH:  0    Dex: 12    Spells: 11/11 levels left

rFire    . . .     SeeInvis .   a - +3 scimitar (flame)
rCold    . . .     Faith    .   (no shield)
rNeg     . . .     Spirit   .   C - +0 chain mail
rPois    +         Reflect  .   (helmet restricted)
rElec    .         Harm     .   v - +0 cloak
rCorr    .         Rampage  .   u - +0 pair of gloves
Will     ++...                  q - +0 pair of boots
Stlth    ..........             (no amulet)
HPRegen  1.28/turn              p - ring of poison resistance
MPRegen  0.12/turn              s - +4 ring of evasion

@: regenerating
A: retaliatory headbutt, horns 2
a: Renounce Religion, Berserk, Trog's Hand, Brothers in Arms


You were in a volcano.
You worshipped Trog.
Trog was extremely pleased with you.
You visited 3 branches of the dungeon, and saw 15 of its levels.
You also visited: Ossuary, Bailey and Volcano.

You collected 2352 gold pieces.

Inventory:

Hand Weapons
 a - a +3 scimitar of flaming (weapon)
 i - a +2 vorpal spear
 w - the +5 hunting sling of Wrath {venom, rC+}
   (You found it on level 10 of the Dungeon)

   It poisons the ammo it fires.
   It protects you from cold.
 x - a +0 hunting sling
 F - a +5 antimagic great sword
Missiles
 g - 90 sling bullets
 h - 225 stones
 A - 443 bolts
Armour
 m - +0 acid dragon scales
 n - a +0 kite shield
 q - a +0 pair of boots (worn)
 r - a +0 buckler
 t - a +0 plate armour
 u - a +0 pair of gloves (worn)
 v - a +0 cloak (worn)
 C - a +0 chain mail (worn)
Jewellery
 p - a ring of poison resistance (left hand)
 s - a +4 ring of evasion (right hand)
 K - an uncursed ring of willpower
Wands
 y - a wand of flame (33)
 D - a wand of acid (26)
 E - a wand of paralysis (27)
 L - a wand of disintegration (19)
Scrolls
 b - 3 scrolls of teleportation
 c - 6 scrolls of remove curse
 f - 7 scrolls of blinking
 l - 3 scrolls of enchant weapon
 z - 2 scrolls of magic mapping
 I - a scroll of fear
 J - 3 scrolls of enchant armour {unknown}
 N - 3 scrolls of immolation {unknown}
Potions
 d - 4 potions of heal wounds
 e - 4 potions of haste
 j - a potion of cancellation
 o - 8 potions of curing
 G - a potion of berserk rage {unknown}
 H - a potion of flight {unknown}
 M - a potion of mutation {unknown}
Miscellaneous
 k - a phantom mirror
 B - a lightning rod (4/4)


   Skills:
 + Level 11.3 Fighting
 - Level 14.2 Long Blades
 * Level 11.6 Slings
 + Level 12.2 Armour
 + Level 7.3 Dodging
 - Level 0.2 Stealth


You had 11 spell levels left.
You didn't know any spells.
Your spell library was empty.

Dungeon Overview and Level Annotations

Branches:
Dungeon (10/15)            Temple (0/1) D:7            Lair (3/6) D:9
  Snake (0/4) Lair:2          Orc (2/2) D:10            Elf (0/3) Orc:2
Ossuary (visited)          Bailey (visited)         Volcano (1/1)
  Swamp: Lair:2-4    Shoals: Lair:2-4

Altars:
Ashenzari
Elyvilon
Fedhas
Makhleb
Nemelex Xobeh
Qazlal
Ru
Uskayaw
Vehumet
Wu Jian
Xom
Yredelemnul
The Shining One

Shops:
D:5 (   D:8 (*   Orc:2 =[[*


Innate Abilities, Weirdness & Mutations

You reflexively headbutt those who attack you in melee.
You have a pair of horns on your head.


Message History

You are engulfed in blazing flames.
The hell hog is engulfed in blazing flames.
The hell hog completely misses you.
You riposte.
You slice the hell hog!! You headbutt the hell hog!
The hell hog is severely wounded.
You slash the hell hog! You headbutt the hell hog.
You kill the hell hog!
Trog accepts your kill.
You are engulfed in blazing flames.
* * * LOW HITPOINT WARNING * * *
Your cyclops is engulfed in blazing flames.
Unknown command.
You hit the salamander. You headbutt the salamander!
The salamander is moderately wounded.
You are engulfed in blazing flames.
* * * LOW HITPOINT WARNING * * *
The salamander hits you with a +0 halberd.
* * * LOW HITPOINT WARNING * * *
You are engulfed in flames!
You die...

≈.§≈≈.≈..§≈.≈≈°≈§..≈..≈≈≈§≈≈
...§....^..............#
####...##+##...#####...####
##.## ##.##..$##..##.## #.#
#.#!.$..#..#.#∩# #.#
#.#..c..#..#.#∩# ##.##
##°##.O.##..#'###
#+##...#####°°°##N##....##
^^^......°°°°°°○@°.....##
≈...≈≈.≈≈°°°°°≈§○C§≈§≈≈≈≈≈≈≈≈≈
≈≈≈.≈.≈≈≈≈°°≈°≈§≈.≈.≈≈≈≈≈≈≈≈≈≈
≈≈≈≈≈≈≈≈≈°°≈≈≈≈≈≈≈≈≈≈≈≈≈≈≈≈≈≈≈
≈≈≈≈≈≈≈≈≈≈≈°°≈≈≈≈≈≈≈≈≈≈≈≈≈≈≈≈≈
≈≈≈≈≈≈≈≈≈≈°°≈≈≈≈≈≈≈≈≈≈≈≈≈≈≈≈≈≈
≈≈≈≈≈≈≈≈≈≈≈≈≈≈≈≈≈≈≈≈≈≈≈≈≈≈≈≈≈≈
≈≈≈≈≈≈≈≈≈≈≈≈≈≈≈≈≈≈≈≈≈≈≈≈≈≈≈≈≈≈
≈≈≈≈≈≈≈≈≈≈≈


You could see a salamander, a two-headed ogre, a centaur and a friendly cyclops
(summoned, berserk).

Vanquished Creatures
  Josephine (Orc:1)
  Fannar (Lair:1)
  Harold (D:7)
  4 two-headed ogres
  Erica (Lair:2)
  A hell hog (Volcano)
  An orc high priest (Orc:1)
  An unseen horror (D:10)
  2 orc knights (Orc:2)
  2 orc sorcerers
  Maurice (Orc:1)
  3 cane toads
  A centaur skeleton (D:10)
  A kobold demonologist (D:10)
  A komodo dragon (D:9)
  2 trolls
  2 blink frogs (Lair:1)
  Prince Ribbit (Lair:1)
  6 wraiths
  5 yaks (D:8)
  7 wyverns
  A fire bat (Volcano)
  2 wargs (Orc:2)
  4 nagas (Lair:2)
  3 acid dragons
  2 water moccasins
  33 orc warriors
  A black bear (D:10)
  4 sky beasts
  2 eyes of draining
  2 necrophages (D:9)
  6 ogres
  17 centaurs
  A big kobold (D:8)
  8 gnoll sergeants (Bailey)
  4 bullfrogs
  A scorpion (D:9)
  5 wights (D:10)
  A howler monkey (D:6)
  3 centaur zombies
  2 bullfrog zombies (D:10)
  3 human zombies (Ossuary)
  A quasit (D:10)
  10 hounds
  Crazy Yiuf (D:3)
  4 bullfrog skeletons
  14 orc priests
  A jelly (D:8)
  15 orc wizards
  7 gnoll shamans
  10 worker ants
  Terence (D:3)
  2 iguanas
  Natasha (twice) (D:3)
  3 big kobold zombies (Ossuary)
  A hound zombie (Ossuary)
  3 mummies (Ossuary)
  18 gnolls
  2 howler monkey skeletons
  9 adders
  5 white imps
  An ufetubus (D:9)
  5 oozes
  2 adder zombies (Ossuary)
  3 adder skeletons
  2 worms
  3 dart slugs
  2 leopard geckos
  102 orcs
  10 giant cockroaches
  2 gnoll zombies (Ossuary)
  12 hobgoblins
  4 jackals (D:4)
  7 kobolds
  5 quokkas
  2 ball pythons
  7 bats
  8 frilled lizards
  7 goblins
  5 goblin zombies
  2 hobgoblin zombies (Ossuary)
  4 jackal zombies
  2 kobold zombies (Ossuary)
  A leopard gecko skeleton (D:5)
  2 orc zombies (Ossuary)
  7 quokka zombies
  4 rats
  5 rat zombies (Ossuary)
475 creatures vanquished.

Vanquished Creatures (collateral kills)
  An orc knight (Orc:2)
  An orc warrior (Orc:2)
  An orc (Orc:2)
3 creatures vanquished.

Vanquished Creatures (others)
  An orc (Orc:1)
  3 fungi
  A plant (Lair:3)
5 creatures vanquished.

Grand Total: 483 creatures vanquished

Notes
Turn   | Place    | Note
-------+----------+-------------------------------------------
     0 | D:1      | Almogavar the Minotaur Berserker began the quest for the
                  | Orb.
     0 | D:1      | Reached XP level 1. HP: 19/19 MP: 0/0
     3 | D:1      | Noticed an electric eel
     4 | D:1      | Noticed an electric eel
   183 | D:1      | Reached XP level 2. HP: 25/27 MP: 1/1
   540 | D:1      | Reached skill level 4 in Long Blades
   793 | D:2      | Reached XP level 3. HP: 31/33 MP: 2/2
   848 | D:2      | Reached ** piety under Trog
   996 | D:2      | Found a blossoming altar of Fedhas.
   998 | D:2      | Found a white marble altar of Elyvilon.
  1000 | D:2      | Found a sacrificial altar of Ru.
  1220 | D:2      | Reached XP level 4. HP: 41/41 MP: 3/3
  1871 | D:3      | Noticed Terence
  1879 | D:3      | Killed Terence
  1880 | D:3      | Reached skill level 5 in Long Blades
  1880 | D:3      | Reached XP level 5. HP: 47/47 MP: 4/4
  2043 | D:3      | Found a basalt altar of Yredelemnul.
  2045 | D:3      | Noticed Natasha
  2049 | D:3      | Killed Natasha
  2429 | D:3      | Found a runed translucent door.
  2430 | D:3      | Noticed Crazy Yiuf
  2430 | D:3      | You fall into a shaft and drop 3 floors!
  2441 | D:5      | Entered Level 5 of the Dungeon
  2470 | D:5      | Noticed an ogre
  2480 | D:5      | Killed an ogre
  2481 | D:5      | Reached skill level 5 in Fighting
  2504 | D:4      | Reached XP level 6. HP: 49/56 MP: 5/5
  2743 | D:3      | Noticed Natasha
  2752 | D:3      | Killed Natasha
  2753 | D:3      | Reached skill level 6 in Long Blades
  3107 | D:3      | Killed Crazy Yiuf
  3198 | D:4      | Reached *** piety under Trog
  3453 | D:4      | Found a broken altar of Ashenzari.
  3690 | D:5      | Found a hide-covered altar of Uskayaw.
  3707 | D:5      | Reached XP level 7. HP: 49/61 MP: 6/6
  3809 | D:5      | Reached skill level 5 in Armour
  3943 | D:5      | Found a glowing golden altar of the Shining One.
  4015 | D:5      | Found Umouzonur's Antique Weapon Shoppe.
  4091 | D:5      | Reached skill level 7 in Long Blades
  4752 | D:6      | Reached skill level 8 in Long Blades
  4957 | D:6      | Found a radiant altar of Vehumet.
  5272 | D:7      | Reached XP level 8. HP: 26/70 MP: 7/7
  5470 | D:7      | Found a sparkling altar of Nemelex Xobeh.
  5505 | D:7      | Found a staircase to the Ecumenical Temple.
  5641 | D:7      | Noticed Harold
  5656 | D:7      | Killed Harold
  5657 | D:7      | Reached skill level 10 in Long Blades
  5657 | D:7      | Reached skill level 5 in Dodging
  5657 | D:7      | Found a flagged portal.
  5668 | Bailey   | Entered a bailey
  5673 | Bailey   | Reached XP level 9. HP: 74/78 MP: 8/8
  5779 | Bailey   | Reached **** piety under Trog
  6651 | Bailey   | Reached skill level 11 in Long Blades
  7483 | D:8      | Found a radiant altar of Vehumet.
  7483 | D:8      | Found a stormy altar of Qazlal.
  7770 | D:8      | Found Gulop's Antique Weapon Shoppe.
  7796 | D:8      | Found Iaboppus's Incredible Inventory.
  7874 | D:8      | Found a sand-covered staircase.
  7882 | Ossuary  | Entered an ossuary
  7975 | Ossuary  | Reached ***** piety under Trog
  8369 | D:8      | Found a burning altar of Makhleb.
  8539 | D:8      | Reached XP level 10. HP: 47/88 MP: 9/9
  8762 | D:8      | Found a shimmering altar of Xom.
  9095 | D:8      | Reached skill level 12 in Long Blades
  9182 | D:8      | Received a gift from Trog
  9652 | D:9      | Found a stormy altar of Qazlal.
  9968 | D:9      | Found an ornate altar of the Wu Jian Council.
 10232 | D:9      | Reached skill level 13 in Long Blades
 10235 | D:9      | Noticed a two-headed ogre
 10242 | D:9      | Noticed a two-headed ogre
 10250 | D:9      | Killed a two-headed ogre
 10251 | D:9      | Reached skill level 10 in Armour
 10257 | D:9      | Killed a two-headed ogre
 10392 | D:9      | Reached XP level 11. HP: 73/97 MP: 10/10
 10502 | D:9      | Found a staircase to the Lair.
 10745 | Lair:1   | Entered Level 1 of the Lair of Beasts
 10841 | D:10     | Entered Level 10 of the Dungeon
 11005 | D:10     | Found a staircase to the Orcish Mines.
 11370 | D:10     | Received a gift from Trog
 11574 | D:10     | Reached skill level 14 in Long Blades
 11671 | D:10     | Killed an unseen horror
 12085 | D:10     | Got a scorched hunting sling
 12121 | D:10     | Identified the +5 hunting sling of Wrath {venom, rC+} (You
                  | found it on level 10 of the Dungeon)
 12223 | Orc:1    | Entered Level 1 of the Orcish Mines
 12225 | Orc:1    | Noticed a two-headed ogre
 12241 | Orc:1    | Reached skill level 10 in Fighting
 12241 | Orc:1    | Killed a two-headed ogre
 12242 | Orc:1    | Reached skill level 1 in Slings
 12540 | Orc:1    | Noticed an orc high priest
 12548 | Orc:1    | Killed an orc high priest
 12783 | Orc:2    | Entered Level 2 of the Orcish Mines
 12783 | Orc:2    | Found a staircase to the Elven Halls.
 12785 | Orc:2    | Noticed an orc sorcerer
 12800 | Orc:1    | Noticed a sixfirhy
 12801 | Orc:1    | Killed an orc sorcerer
 13069 | Orc:2    | Noticed an orc sorcerer
 13074 | Orc:2    | Killed an orc sorcerer
 13099 | Orc:1    | Noticed Josephine
 13099 | Orc:1    | Noticed a two-headed ogre
 13112 | Orc:2    | Reached ****** piety under Trog
 13116 | Orc:2    | Killed a two-headed ogre
 13117 | Orc:2    | Reached skill level 5 in Slings
 13397 | Orc:1    | Killed Josephine
 13398 | Orc:1    | Reached XP level 12. HP: 18/108 MP: 11/11
 14040 | Orc:1    | Noticed Maurice
 14046 | Orc:1    | Killed Maurice
 14232 | Orc:2    | Received a gift from Trog
 15578 | Orc:2    | Found Geadgh's Antique Armour Boutique.
 15578 | Orc:2    | Found Roqakkic's Armour Shoppe.
 15580 | Orc:2    | Found Eguliof's Jewellery Emporium.
 15582 | Orc:2    | Found Moudic's Assorted Antiques.
 16140 | Lair:1   | Reached skill level 10 in Slings
 16367 | Lair:1   | Noticed Fannar
 16383 | Lair:1   | Killed Fannar
 16492 | Lair:1   | Noticed Prince Ribbit
 16510 | Lair:1   | Killed Prince Ribbit
 16764 | Lair:2   | Received a gift from Trog
 16834 | Lair:2   | Found a staircase to the Snake Pit.
 17178 | Lair:2   | Noticed Erica
 17187 | Lair:2   | Killed Erica
 17365 | Lair:3   | Found a dark tunnel.
 17374 | Volcano  | Entered a volcano
 17459 | Volcano  | Noticed a two-headed ogre
 17459 | Volcano  | Noticed a hell hog
 17466 | Volcano  | Killed a hell hog
 17467 | Volcano  | Slain by a salamander

Illustrated notes

Levels and vault maps discovered:
D:1:      arrival_aquarium_b, layout_loops_cross, minmay_domino_2
D:2:      layout_basic, grunt_temple_overflow_open
D:3:      layout_basic, old_standard_altar, uniq_crazy_yiuf_cottage,
          uniq_natasha, uniq_terence
D:4:      layout_basic, kennysheep_mini_moat, kennysheep_donut
D:5:      layout_basic, kennysheep_little_box, lemuel_doored_altar,
          serial_shops, shop
D:6:      layout_gridville, old_standard_altar
D:7:      layout_basic, temple_fountains, enter_bailey_8,
          palyth_stone_intersect, minmay_misc_feat_square,
          nemelex_dance_club_becter, uniq_harold
D:8:      layout_gridville, lemuel_round_altar, enter_ossuary_4, serial_shops,
          shop, basic_altar, chequers_serial_rivers_large_a,
          nicolae_alphabet_shops, hangedman_feature_mirror
D:9:      layout_rooms, lemuel_coloured_pillars_altar, erik_lair_dragon,
          grunt_qazlal_clouds
D:10:     layout_loops_cross, hiddenorc2_lemuel, serial_park_tiny_pond
Lair:1:   layout_roguey, chequers_serial_rivers_micro_c,
          infiniplex_staircase_pool_2, uniq_fannar, uniq_prince_ribbit2
Lair:2:   layout_roguey, minmay_snake_entry_guardpost_small, uniq_erica
Lair:3:   layout_small_grid, enter_volcano_2, grunt_megastairs_5,
          infiniplex_staircase_pool
Orc:1:    layout_caves, uniq_josephine, uniq_maurice
Orc:2:    st_orc_rangers, layout_caves
Volcano:  volcano_village

Skill      XL: |  1  2  3  4  5  6  7  8  9 10 11 12 |
---------------+-------------------------------------+-----
Fighting       | 4 5 6 7 9 10 11 | 11.3
Long Blades    | 4 5 6 8 10 11 13 14 | 14.2
Armour         | 3 4 5 7 9 10 11 12 | 12.2
Dodging        | 3 4 5 6 7 |  7.3
Slings         | 6 11 | 11.6
Stealth        | |  0.2

Action                   |  1- 3 |  4- 6 |  7- 9 | 10-12 || total
-------------------------+-------+-------+-------+-------++-------
Melee: Falchion          |    52 |   148 |   395 |   562 ||  1157
       Headbutt          |    11 |    28 |   126 |   201 ||   366
       Scimitar          |       |       |       |    60 ||    60
 Fire: Hunting sling     |       |       |     2 |   354 ||   356
Invok: Berserk           |       |       |     4 |     5 ||     9
       Trog's Hand       |       |       |     2 |     7 ||     9
       Brothers in Arms  |       |       |       |     2 ||     2
  Use: Scroll            |     3 |     4 |     9 |     5 ||    21
 Stab: Sleeping          |     2 |       |       |       ||     2
Armor: Animal skin       |     2 |       |       |       ||     2
       Ring mail         |    12 |    41 |    29 |       ||    82
       Chain mail        |       |       |   107 |   279 ||   386
Dodge: Dodged            |    34 |   110 |   365 |   475 ||   984
       Rpst.: Falchion   |    10 |    32 |    77 |    69 ||   188
       Scimitar          |       |       |       |     4 ||     4
